 Dungeon Crawl Stone Soup version 0.31.0-12-g77e489cdc1 (webtiles) character file.

Game seed: 8093051014903879084

996 Arctor the Magician (level 7, -2/36 HPs)
             Began as a Deep Elf Fire Elementalist on Feb 21, 2024.
             Slain by an orc warrior
             ... wielding a +0 battleaxe
              (11 damage)
             ... on level 6 of the Dungeon on Feb 22, 2024.
             The game lasted 00:09:18 (7495 turns).

Arctor the Magician (Deep Elf Fire Elementalist)    Turns: 7495, Time: 00:09:19

Health: -2/36      AC:  3    Str: 11    XL:     7   Next: 99%
Magic:  0/18       EV: 14    Int: 25    God:
Gold:   83         SH:  0    Dex: 15    Spells: 15/18 levels left

rFire   . . .        d - +0 dagger
rCold   . . .        (no shield)
rNeg    . . .        x - +0 robe of Pleasant Breezes {Regen+ Int+3}
rPois   .            (no helmet)
rElec   .            r - +0 cloak
rCorr   .            (no gloves)
SInv    .            (no boots)
Will    .....        m - amulet of guardian spirit
Stlth   +++          k - +6 ring of strength
HPRegen 1.06/turn    (no ring)
MPRegen 0.16/turn

%: guardian spirit
@: hasted, very quick
A: no striking features
a: no special abilities


You were on level 6 of the Dungeon.
You visited 1 branch of the dungeon, and saw 6 of its levels.

You collected 225 gold pieces.
You spent 142 gold pieces at shops.

Inventory:

Hand Weapons
 d - a +0 dagger (weapon)
Missiles
 p - a throwing net
Armour
 a - a +0 robe
 o - a +1 robe of positive energy
 r - a +0 cloak (worn)
 v - a +2 robe of cold resistance
 x - the +0 robe of Pleasant Breezes (worn) {Regen+ Int+3}
   (You bought it in a shop on level 5 of the Dungeon)

   Int+3:     It affects your intelligence (+3).
   Regen+:    It increases your rate of health regeneration.
Jewellery
 j - a ring of flight
 k - a +6 ring of strength (left hand)
 m - an amulet of guardian spirit (around neck)
Wands
 c - a wand of acid (10)
 s - a wand of flame (14)
 t - a wand of paralysis (4)
Scrolls
 f - a scroll of summoning
 i - a scroll of teleportation
 l - a scroll of noise {unknown}
 n - 4 scrolls of fear
 u - 2 scrolls of poison {unknown}
 w - a scroll of revelation {unknown}
Potions
 b - a potion of magic
 e - 2 potions of curing
 h - 2 potions of lignification {unknown}
 q - 3 potions of attraction {unknown}


   Skills:
 + Level 5.4 Dodging
 + Level 5.7 Stealth
 + Level 6.1 Spellcasting
 + Level 4.5 Conjurations
 + Level 5.5 Fire Magic


You had 15 spell levels left.
You knew the following spells:

 Your Spells              Type           Power      Damage    Failure   Level
a - Foxfire               Conj/Fire      100%       2x1d9     1%          1
b - Scorch                Fire           70%        2d7       1%          2

Your spell library contained the following spells:

 Spells                   Type           Power      Damage    Failure   Level
 Inner Flame              Hex/Fire       21%        N/A       7%          3
 Volatile Blastmotes      Fire/Tloc      42%        2d13      7%          3
 Necrotise                Necr           28%        1d5       8%          1
 Flame Wave               Conj/Fire      33%        2d10      9%          4
 Mercury Vapours          Alch/Air       14%        N/A       11%         2
 Mephitic Cloud           Conj/Alch/Air  15%        N/A       12%         3
 Vampiric Draining        Necr           7%         2d6       22%         3
 Martyr's Knell           Necr/Summ      7%         N/A       58%         4
 Freezing Cloud           Conj/Ice/Air   7%         6-21      73%         5
 Curse of Agony           Necr           7%         N/A       90%         5


Dungeon Overview and Level Annotations

Branches:
Dungeon (6/15)
 Temple: D:4-7

Altars:
Gozag
Hepliaklqana
Kikubaaqudgha
Nemelex Xobeh
Qazlal
Uskayaw
The Shining One

Shops:
D:3 [:!   D:5 (:[


Message History

The orc warrior completely misses your foxfire.
Casting: Foxfire (safe; 1% risk of failure)
Confirm with . or Enter, or press ? or * to list all spells.
Flames lash the orc warrior.
The orc warrior is severely wounded.
The orc warrior's fire resistance burns away.
The foxfire hits the orc warrior but does no damage.
The orc warrior is severely wounded.
The foxfire hits the orc warrior but does no damage.
The orc warrior is severely wounded.
The orc warrior closely misses you.
You are out of magic!
You are out of magic!
Unknown command.
You barely miss the orc warrior.
The orc warrior is severely wounded.
The orc warrior barely misses you.
The orc warrior is no longer more vulnerable to fire.
You see here 4 stones.
There is an open door here.
Casting: Scorch (safe; 1% risk of failure)
Confirm with . or Enter, or press ? or * to list all spells.
You conjure some foxfire!
The orc warrior hits you with a +0 battleaxe!
Your foxfire dissipates!
The foxfire hits the orc warrior.
The orc warrior is severely wounded.
The orc warrior attacks as it pursues you!
The orc warrior completely misses you.
It was a potion of haste.
You feel yourself speed up.
The orc warrior hits you with a +0 battleaxe!
You barely miss the orc warrior.
The orc warrior is severely wounded.
You hit the orc warrior but do no damage.
The orc warrior is severely wounded.
The orc warrior hits you with a +0 battleaxe!
* * * LOW HITPOINT WARNING * * *
You open the door.
The orc warrior hits you with a +0 battleaxe!
You die...

......).##..#
...>........+
.........####
....>.##.(#####
.....# ##.'...+
..... ###...###
.... #.......#
#### #'#.o.#+#
#.#.@.# #.##'##
#....# #.####
#)# ###.# ###
#...# ###.#
#.### #.#.##
##.#


You could see an orc warrior.

Vanquished Creatures
  An ogre (D:5)
  Blork the orc (D:4)
  A gnoll sergeant (D:4)
  A scorpion (D:5)
  A howler monkey (D:6)
  An orc priest (D:5)
  2 jellies (D:6)
  A hound (D:5)
  A gnoll bouda (D:5)
  Jessica (D:2)
  A sleepcap (D:6)
  Natasha (thrice) (D:4)
  6 orc wizards
  11 gnolls
  5 adders
  5 dart slugs (D:1)
  2 ribbon worms
  23 orcs
  5 ball pythons
  3 endoplasms
  3 giant cockroaches
  6 goblins
  5 hobgoblins
  4 jackals (D:1)
  3 kobolds
  5 quokkas
  4 bats
  4 rats
109 creatures vanquished.

Vanquished Creatures (collateral kills)
  A foxfire (D:1)
1 creature vanquished.

Vanquished Creatures (others)
  731 foxfires
731 creatures vanquished.

Grand Total: 841 creatures vanquished

Notes
Turn   | Place    | Note
-------+----------+-------------------------------------------
     0 | D:1      | Arctor the Deep Elf Fire Elementalist began the quest for
                  | the Orb.
     0 | D:1      | Reached XP level 1. HP: 10/10 MP: 6/6
    48 | D:1      | You fall into a shaft and drop 1 floor!
   613 | D:2      | Found an ancient bone altar of Kikubaaqudgha.
   809 | D:2      | Noticed Jessica
   816 | D:2      | Killed Jessica
   817 | D:2      | Reached XP level 2. HP: 15/15 MP: 1/8
   817 | D:2      | Reached XP level 3. HP: 19/19 MP: 1/9
   820 | D:2      | Learned a level 2 spell: Scorch
  3095 | D:3      | Found Tiarr's Book Emporium.
  3127 | D:3      | Reached XP level 4. HP: 24/24 MP: 8/11
  3353 | D:3      | Found Hosijil's Antique Armour Shoppe.
  3577 | D:3      | Reached skill level 4 in Spellcasting
  3690 | D:3      | Reached XP level 5. HP: 28/28 MP: 3/13
  3801 | D:3      | Found a faded altar of an unknown god.
  4158 | D:3      | Found Riteggumm's Distillery.
  4195 | D:3      | Found an opulent altar of Gozag.
  4196 | D:3      | Found a sparkling altar of Nemelex Xobeh.
  4719 | D:4      | Noticed Natasha
  4722 | D:4      | Noticed Blork the orc
  4726 | D:4      | Killed Natasha
  4730 | D:4      | Killed Blork the orc
  4895 | D:4      | Noticed Natasha
  4899 | D:4      | Killed Natasha
  4900 | D:4      | Reached XP level 6. HP: 32/32 MP: 9/14
  5067 | D:4      | Noticed Natasha
  5072 | D:4      | Killed Natasha
  5122 | D:4      | Reached skill level 5 in Spellcasting
  5125 | D:5      | Entered Level 5 of the Dungeon
  5125 | D:5      | Found Cuwoamu's Antique Armour Shop.
  5449 | D:4      | Reached XP level 7. HP: 36/36 MP: 10/16
  5927 | D:4      | Found a hide-covered altar of Uskayaw.
  5949 | D:4      | Reached skill level 5 in Fire Magic
  6351 | D:5      | Reached skill level 5 in Stealth
  6557 | D:5      | Reached skill level 5 in Dodging
  6641 | D:5      | Found a stormy altar of Qazlal.
  6641 | D:5      | Found an ancient bone altar of Kikubaaqudgha.
  6641 | D:5      | Found a hazy altar of Hepliaklqana.
  6738 | D:5      | Found a glowing golden altar of the Shining One.
  6904 | D:5      | Found Nate's Weapon Shop.
  6922 | D:5      | Bought a pitted robe for 142 gold pieces
  6922 | D:5      | Identified the +0 robe of Pleasant Breezes {Regen+ Int+3}
                  | (You bought it in a shop on level 5 of the Dungeon)
  7002 | D:5      | Found Caissiab's Book Shop.
  7276 | D:6      | Reached skill level 6 in Spellcasting
  7495 | D:6      | Slain by an orc warrior

Illustrated notes

Levels and vault maps discovered:
D:1:      dpeg_arrival_water_fire, layout_loops_ring
D:2:      layout_basic, basic_altar, mrwooster_statue_mirror, uniq_jessica
D:3:      layout_basic, grunt_temple_overflow_opulence,
          nicolae_ecumenical_snake_handling, serial_shops, shop, shop, shop,
          small_statue_alley_b
D:4:      layout_cave_pools, kennysheep_mini_moat, nicolae_grassy_gnolls,
          uniq_blork_the_orc, uniq_natasha
D:5:      layout_cave_pools, grunt_temple_overflow_cloverleaf, serial_shops,
          kennysheep_little_box, nicolae_shop_window_shopping,
          nicolae_shop_real_fake_doors, serial_glass, glass_columns_a,
          glass_columns_c
D:6:      nicolae_cairo_tiling_large, layout_rooms, nicolae_specific_store

Skill      XL: |  1  2  3  4  5  6  7 |
---------------+----------------------+-----
Stealth        | 3 4 5 |  5.7
Dodging        | 3 4 5 |  5.4
Conjurations   | 2 3 4 |  4.5
Fire Magic     | 4 5 |  5.5
Spellcasting   | 4 5 6 |  6.1

Action                     |  1- 3 |  4- 6 |  7- 9 || total
---------------------------+-------+-------+-------++-------
  Melee: Unarmed           |       |     1 |     2 ||     3
         Dagger            |       |       |     6 ||     6
   Cast: Foxfire           |   131 |   164 |   137 ||   432
         Scorch            |     1 |     6 |    14 ||    21
    Use: Scroll            |     1 |       |     2 ||     3
         Potion            |       |       |     6 ||     6
 Armour: Robe              |    28 |     8 |    30 ||    66
  Dodge: Dodged            |    35 |     2 |    34 ||    71
